 Dungeon Crawl Stone Soup version 0.23.2 (webtiles) character file.

Game seed: 7566391203764955320

95787 Gunterle the Stickfighter (level 16, -6/129 HPs)
             Began as a Formicid Gladiator on Apr 12, 2019.
             Was a High Priest of Wu Jian.
             Mangled by a hellephant (30 damage)
             ... on level 2 of the Abyss on Apr 13, 2019.
             The game lasted 02:43:00 (27352 turns).

Gunterle the Stickfighter (Formicid Gladiator)     Turns: 27352, Time: 02:43:01

Health: -6/129     AC: 17    Str: 19    XL:     16   Next: 64%
Magic:  22/22      EV: 13    Int: 15    God:    Wu Jian [*****.]
Gold:   1310       SH: 11    Dex: 10    Spells: 18/26 levels left

rFire    . . .     SeeInvis +   b - +7 lajatang (venom)
rCold    + + +     Gourm    .   o - +0 shield
rNeg     . . .     Faith    .   k - +2 scale mail {rC+}
rPois    .         Spirit   .   (helmet unavailable)
rElec    +         Reflect  .   E - +0 cloak
rCorr    .         Harm     .   N - +0 pair of gloves
MR       +....                  v - +2 pair of boots {Fly}
Stlth    ++........             O - amulet of Spite {+Rage +Inv rElec}
HPRegen  0.00/turn              U - ring "Jakigic" {rC+ Stlth+}
MPRegen  0.18/turn              y - ring "Ucwi" {rC+ Stlth+}

@: exhausted, flying, non-regenerating, mildly diseased
A: permanent stasis, dig shafts and tunnels, four strong arms, antennae 3,
clumsy 1, low mp 1
a: Dig, Shaft Self, Wall Jump, Serpent's Lash, Heavenly Storm, Renounce
Religion, Evoke Invisibility, Stop Flying


You were on level 2 of the Abyss.
You worshipped Wu Jian.
Wu Jian was extremely pleased with you.
You were not hungry.

You visited 4 branches of the dungeon, and saw 22 of its levels.
You visited the Abyss 1 time.
You also visited: Gauntlet.

You collected 2023 gold pieces.
You spent 713 gold pieces at shops.

Inventory:

Hand Weapons
 b - a +7 lajatang of venom (weapon)
 f - a +0 arbalest
 w - a +5 quarterstaff of chaos
 V - a +2 halberd of venom
 W - the cursed +0 hunting sling "Egrotron" {venom, rC- MR++, unknown}
   (You found it in a Gauntlet)

   It poisons the ammo it fires.
   It makes you vulnerable to cold.
   It affects your resistance to hostile enchantments.
   It has a curse placed upon it.
Missiles
 h - 429 stones (quivered)
Armour
 k - a +2 scale mail of cold resistance (worn)
 o - a +0 shield (worn)
 v - a +2 pair of boots of flying (worn)
 E - a +0 cloak (worn)
 N - a +0 pair of gloves (worn)
 T - a +2 scale mail of fire resistance
Magical Staves
 P - an uncursed staff of summoning
Jewellery
 g - an uncursed ring of protection from fire
 q - an uncursed ring of protection from magic
 y - the ring "Ucwi" (right hand) {rC+ Stlth+}
   (You found it on level 4 of the Dungeon)

   [ring of stealth]

   It protects you from cold.
   It makes you more stealthy.
 B - an uncursed amulet of guardian spirit
 F - an uncursed ring of protection from cold
 H - an uncursed ring of fire
 M - an uncursed ring of poison resistance
 O - the amulet of Spite (around neck) {+Rage +Inv rElec}
   (You took it off a minotaur in a Gauntlet)

   [amulet of rage]

   It insulates you from electricity.
   It lets you turn invisible.
   It lets you go berserk.
 U - the ring "Jakigic" (left hand) {rC+ Stlth+}
   (You found it in a Gauntlet)

   [ring of stealth]

   It protects you from cold.
   It makes you more stealthy.
Wands
 i - a wand of paralysis (2)
 t - a wand of flame (45)
 S - a wand of enslavement (5)
 X - a wand of iceblast (12)
Scrolls
 a - a scroll of brand weapon
 c - a scroll of blinking
 j - a scroll of acquirement
 l - 2 scrolls of teleportation
 n - 4 scrolls of fog
 p - a scroll of fear
 r - 6 scrolls of enchant armour
 u - 8 scrolls of remove curse
 x - 4 scrolls of immolation
 C - a scroll of amnesia
 D - 4 scrolls of magic mapping
 L - 4 scrolls of identify
Potions
 e - 3 potions of cancellation
 m - 2 potions of brilliance
 s - a potion of heal wounds
 z - 2 potions of magic
 A - a potion of haste
 G - a potion of resistance
 I - 4 potions of agility
 J - 3 potions of flight
 Z - a potion of degeneration
Miscellaneous
 Q - a box of beasts
Comestibles
 d - 34 rations


   Skills:
 + Level 12.7 Fighting
 * Level 15.2 Staves
 + Level 2.1 Crossbows
 - Level 2.0 Throwing
 - Level 11.2 Armour
 + Level 8.9 Dodging
 + Level 10.5 Shields
 + Level 5.9 Spellcasting
 + Level 3.0 Hexes
 + Level 6.8 Translocations
 + Level 9.9 Evocations


You had 18 spell levels left.
You knew the following spells:

 Your Spells              Type           Power        Failure   Level  Hunger
a - Apportation           Tloc           ####..       1%          1    None
b - Petrify               Tmut/Erth      #.......     98%         4    ####...
c - Portal Projectile     Hex/Tloc       ###...       14%         3    ###....

Your spell library contained the following spells:

 Spells                   Type           Power        Failure   Level  Hunger
 Gell's Gravitas          Tloc           ####......   6%          3    ###....
 Confusing Touch          Hex            ##....       10%         1    None
 Corona                   Hex            ##.....      10%         1    None
 Slow                     Hex            ##......     16%         2    #......
 Confuse                  Hex            ##......     30%         3    ###....
 Animate Skeleton         Necr           N/A          34%         1    None
 Flame Tongue             Conj/Fire      #....        34%         1    None
 Magic Dart               Conj           #...         34%         1    None
 Shock                    Conj/Air       #...         34%         1    None
 Summon Small Mammal      Summ           #...         34%         1    None
 Call Imp                 Summ           #.......     47%         2    #......
 Searing Ray              Conj           #.....       47%         2    #......
 Dazzling Spray           Conj/Hex       #.....       50%         3    ###....
 Inner Flame              Hex/Fire       #.......     50%         3    ###....
 Force Lance              Conj/Tloc      ##......     63%         4    ####...
 Cause Fear               Hex            ##........   69%         4    ####...
 Conjure Flame            Conj/Fire      #.......     71%         3    ###....
 Mephitic Cloud           Conj/Pois/Air  #.......     71%         3    ###....
 Fulminant Prism          Conj/Hex       #.........   88%         4    ####...
 Leda's Liquefaction      Hex/Erth       #.........   88%         4    ####...
 Iskenderun's Mystic Bla  Conj           #.......     98%         4    ####...
 Metabolic Englaciation   Hex/Ice        #.........   99%         5    ######.
 Yara's Violent Unravell  Hex/Tmut       #.........   99%         5    ######.
 Bolt of Draining         Conj/Necr      #.........   100%        5    ######.
 Bolt of Cold             Conj/Ice       #.........   100%        6    #######
 Conjure Ball Lightning   Conj/Air       #.........   100%        6    #######
 Blink                    Tloc           Unusable     N/A         2    N/A

Dungeon Overview and Level Annotations

Branches:
Dungeon (13/15)            Temple (1/1) D:5            Lair (6/6) D:8
 Shoals (0/4) Lair:3       Spider (0/4) Lair:3        Slime (0/5) Lair:5
    Orc (2/2) D:12            Elf (0/3) Orc:2
 Vaults: D:13-14

Altars:
Ashenzari
Cheibriados
Dithmenos
Elyvilon
Fedhas
Gozag
Hepliaklqana
Kikubaaqudgha
Makhleb
Nemelex Xobeh
Okawaru
Qazlal
Ru
Sif Muna
Trog
Uskayaw
Vehumet
Wu Jian
Xom
Yredelemnul
Zin
The Shining One
Beogh

Shops:
D:7 *   D:12 [:(%(   D:13 [   Orc:1 ?(![   Orc:2 :*([

Annotations:
D:10 2 transporters, PentaManta's ghost, journeyman MfBe
D:12 2 runed translucent doors
Lair:1 3 runed translucent doors, Zlobey's ghost, novice MiFi
Abyss:2 1 runed translucent door


Innate Abilities, Weirdness & Mutations

You cannot be hasted, slowed, berserked, paralysed or teleported.
You can dig through walls and to a lower floor.
Your four strong arms can wield two-handed weapons with a shield.
You have a pair of large antennae on your head. (SInv)
You are clumsy. (Dex -2)
Your magical capacity is low. (-10% MP)


Message History

You butcher the raiju corpse.
Things that are here:
2 chunks of flesh; a raiju skeleton
Aiming: Wall Jump
Press: ? - help, Dir - move target cursor You repeatedly attack the hellephant from above.
You hit the hellephant but do no damage.
The hellephant is poisoned.
You hit the hellephant but do no damage.
The hellephant looks as sick as possible!
You slash the hellephant!
The hellephant looks as sick as possible!
The hellephant is lightly wounded.
The hellephant breathes flames at you. The blast of flame hits you!!!!
Ouch! That really hurt!
* * * LOW HITPOINT WARNING * * *
A large abomination comes into view.
The hellephant tramples you!!
You die...

. ## . .# .# ......###
.... .# # ..#.#.# ###
# # # ..#... .. ...#.
. #..#.## #..# #..###
###......# #
#.#..##.##.##.#...
...##. ##...##○X# .
..#..#...##.#.Y@#..{#
. ....#. .#...°°°.(#{
..###..#.#..###.#.##.#
....#.#..... ...##
...#. .#..#.##...#
..#. ..## ###....#..
#####.# #..# ###..##.
.. ## . .## #..# .
##### .#.#...# .#


You could see a hellephant and a large abomination (wandering).

Vanquished Creatures
  2 tentacled starspawn (Abyss:2)
  A minotaur (Gauntlet)
  An ettin (Orc:2)
  Josephine (Lair:5)
  4 ogre magi (Orc:2)
  11 hydras
  A catoblepas (Lair:5)
  An ice dragon (Lair:5)
  Erica (D:10)
  A centaur warrior (D:13)
  16 two-headed ogres
  5 death yaks (Lair:3)
  5 thrashing horrors (Abyss:2)
  3 wretched stars (Abyss:2)
  An anaconda zombie (Abyss:2)
  2 large abominations (Abyss:2)
  An unseen horror (shapeshifter) (Gauntlet)
  An unseen horror (D:13)
  2 orc knights
  An orb spider (Lair:3)
  4 ugly things
  A cyclops (shapeshifter) (Gauntlet)
  An apocalypse crab (Abyss:2)
  2 gargoyles
  3 elephants (Lair:2)
  5 black mambas
  Joseph (D:7)
  19 spiny frogs
  A spiny frog (shapeshifter) (Lair:6)
  2 rime drakes
  A centaur skeleton (D:12)
  5 komodo dragons
  2 minotaur zombies (Gauntlet)
  A tengu conjurer (D:13)
  A demonic crawler (Abyss:2)
  2 freezing wraiths (D:13)
  A hellwing (Abyss:2)
  3 trolls
  5 ancient zymes (Abyss:2)
  An ice devil (Abyss:2)
  Grinder (D:6)
  A merfolk (D:9)
  A hornet (D:11)
  4 tyrant leeches (Lair:6)
  34 blink frogs
  A dream sheep (Lair:4)
  5 hippogriffs
  12 raiju
  2 shadows (D:12)
  A shapeshifter (Lair:4)
  4 wraiths
  34 yaks
  A vampire (D:9)
  A water elemental (Abyss:2)
  3 ynoxinuls (Abyss:2)
  3 basilisks
  A chaos spawn (Abyss:2)
  3 wyverns
  A golden eye (shapeshifter) (D:13)
  A fire bat (Abyss:2)
  A hungry ghost (D:9)
  4 steam dragons
  5 neqoxecs (Abyss:2)
  6 vampire mosquitoes (Lair:6)
  Menkaure (D:7)
  8 water moccasins
  A warg (Orc:2)
  A floating eye (shapeshifter) (Gauntlet)
  11 porcupines
  Duvessa (D:6)
  A hell hound (Abyss:2)
  A sky beast (D:11)
  An ice beast (D:9)
  A black bear (D:12)
  24 orc warriors
  2 eyes of draining
  3 phantoms
  30 ogres
  2 starcursed masses (Abyss:2)
  12 wolves
  11 centaurs
  10 crocodiles
  A big kobold (D:9)
  Blork the orc (D:5)
  29 bullfrogs
  A wyvern zombie (D:11)
  Dowan (D:6)
  A gnoll sergeant (D:6)
  A wyvern skeleton (D:9)
  A scorpion (D:11)
  11 killer bees
  4 wights
  5 electric eels
  A vampire bat (Lair:4)
  9 crimson imps
  6 centaur zombies
  A jelly (D:10)
  3 quasits
  11 hounds
  19 orc wizards
  12 orc priests
  Crazy Yiuf (D:3)
  A gnoll shaman (D:9)
  9 small abominations
  2 bullfrog skeletons
  2 iguanas
  4 iron imps
  10 worker ants
  2 killer bee zombies
  A hound zombie (D:8)
  2 hound skeletons
  Robin (D:2)
  14 gnolls
  A howler monkey skeleton (D:4)
  15 adders
  2 shadow imps
  2 ufetubi (Abyss:2)
  2 adder skeletons
  2 adder zombies
  8 worms
  4 dart slugs
  5 leopard geckos
  82 orcs
  3 ball pythons
  4 giant cockroaches
  19 goblins
  10 hobgoblins
  23 jackals
  6 quokkas
  15 bats
  5 frilled lizards
  A goblin skeleton (D:6)
  A goblin zombie (D:6)
  2 hobgoblin zombies (D:6)
  8 kobolds
  3 kobold skeletons (D:6)
  A kobold zombie (D:6)
  A leopard gecko skeleton (D:4)
  An orc zombie (D:6)
  A quokka zombie (D:5)
  4 rats
  A starspawn tentacle (Abyss:2)
772 creatures vanquished.

Vanquished Creatures (others)
  A sky beast (D:11)
  2 demonic plants (Abyss:2)
  11 fungi
  28 plants
  2 starspawn tentacles (Abyss:2)
44 creatures vanquished.

Grand Total: 816 creatures vanquished

Notes
Turn   | Place    | Note
-------+----------+-------------------------------------------
     0 | D:1      | Gunterle the Formicid Gladiator began the quest for the
                  | Orb.
     0 | D:1      | Reached XP level 1. HP: 16/16 MP: 1/1
    36 | D:1      | Reached XP level 2. HP: 6/23 MP: 2/2
   671 | D:1      | Reached XP level 3. HP: 26/28 MP: 3/3
   913 | D:1      | Reached skill level 4 in Staves
  1240 | D:2      | Reached XP level 4. HP: 34/35 MP: 4/4
  2278 | D:2      | Reached XP level 5. HP: 41/41 MP: 5/5
  2289 | D:2      | Found a shimmering altar of Xom.
  2291 | D:2      | Found a burning altar of Makhleb.
  2811 | D:3      | Reached skill level 5 in Staves
  3326 | D:3      | Reached XP level 6. HP: 34/48 MP: 6/6
  3538 | D:3      | Found a sacrificial altar of Ru.
  3539 | D:3      | Found a radiant altar of Vehumet.
  3856 | D:3      | Noticed Robin
  4024 | D:2      | Killed Robin
  4471 | D:3      | Found a runed translucent door.
  4472 | D:3      | Noticed Crazy Yiuf
  4732 | D:4      | Reached skill level 6 in Staves
  4744 | D:4      | Got a clouded wooden ring
  5588 | D:3      | Killed Crazy Yiuf
  5588 | D:3      | Reached XP level 7. HP: 52/55 MP: 7/7
  5637 | D:5      | Entered Level 5 of the Dungeon
  5770 | D:5      | Found a sacrificial altar of Ru.
  5830 | D:5      | Reached skill level 5 in Fighting
  5983 | D:5      | Noticed Blork the orc
  6000 | D:5      | Killed Blork the orc
  6000 | D:5      | Reached skill level 7 in Staves
  6126 | D:5      | Found a staircase to the Ecumenical Temple.
  6135 | D:5      | Identified the ring "Ucwi" {rC+ Stlth+} (You found it on
                  | level 4 of the Dungeon)
  6139 | Temple   | Entered the Ecumenical Temple
  6414 | D:5      | Reached XP level 8. HP: 63/63 MP: 8/8
  6488 | D:5      | Reached skill level 8 in Staves
  6816 | D:6      | Found a shadowy altar of Dithmenos.
  6829 | D:6      | Noticed Grinder
  6848 | D:6      | Killed Grinder
  7474 | D:6      | Reached skill level 9 in Staves
  7477 | D:6      | Reached XP level 9. HP: 66/71 MP: 9/9
  7515 | D:6      | Found a glowing golden altar of the Shining One.
  7833 | D:6      | Noticed Duvessa
  7835 | D:6      | Noticed Dowan
  7846 | D:6      | Killed Duvessa
  7849 | D:6      | Killed Dowan
  8084 | D:7      | Found a hide-covered altar of Uskayaw.
  8168 | D:7      | Noticed Menkaure
  8213 | D:7      | Killed Menkaure
  8213 | D:7      | Reached skill level 1 in Armour
  8213 | D:7      | Reached skill level 1 in Shields
  8213 | D:7      | Reached skill level 1 in Evocations
  8253 | D:7      | Reached skill level 10 in Staves
  8277 | D:7      | Found Wiocs's Assorted Antiques.
  8288 | D:7      | Bought a scroll of identify for 32 gold pieces
  8288 | D:7      | Bought a scroll of identify for 32 gold pieces
  8299 | D:7      | Noticed Joseph
  8319 | D:7      | Killed Joseph
  8546 | D:7      | Found a basalt altar of Yredelemnul.
  8546 | D:7      | Found a deep blue altar of Sif Muna.
  8556 | D:7      | Found a faded altar of an unknown god.
  8558 | D:7      | Found a faded altar of an unknown god.
  8559 | D:7      | Found a shattered altar of Ashenzari.
  8863 | D:7      | Reached XP level 10. HP: 40/80 MP: 11/11
  9109 | D:8      | Found an ornate altar of the Wu Jian Council.
  9117 | D:8      | Became a worshipper of the Wu Jian Council
  9756 | D:8      | Found a staircase to the Lair.
 10246 | D:8      | Reached * piety under Wu Jian
 10612 | D:9      | Found a roughly hewn altar of Beogh.
 10769 | D:9      | Reached skill level 11 in Staves
 10879 | D:9      | Noticed a cyan ugly thing
 10879 | D:9      | Noticed a two-headed ogre
 10887 | D:9      | Found a hazy altar of Hepliaklqana.
 10913 | D:9      | Killed a cyan ugly thing
 11110 | D:9      | Reached XP level 11. HP: 87/87 MP: 14/14
 11276 | D:9      | Found an iron altar of Okawaru.
 11479 | D:10     | Entered Level 10 of the Dungeon
 11565 | D:10     | Noticed Erica
 11582 | D:10     | Killed Erica
 11582 | D:10     | Reached ** piety under Wu Jian
 11582 | D:10     | Reached skill level 5 in Dodging
 11582 | D:10     | Reached skill level 5 in Shields
 11739 | D:10     | Found a transporter.
 11739 | D:10     | Noticed a cyclops
 11740 | D:10     | Noticed a two-headed ogre
 11741 | D:10     | Noticed PentaManta's ghost (journeyman MfBe)
 11744 | D:10     | Noticed a two-headed ogre
 11745 | D:10     | Found a bloodstained altar of Trog.
 11746 | D:10     | Noticed a moth of wrath
 11773 | D:10     | Found a transporter.
 12221 | D:10     | Reached skill level 5 in Armour
 12247 | D:10     | Reached skill level 5 in Evocations
 12393 | D:11     | Noticed a two-headed ogre
 12575 | D:11     | Learned a level 1 spell: Apportation
 12620 | D:11     | Killed a two-headed ogre
 12737 | D:11     | Noticed a cyan ugly thing
 12752 | D:11     | Killed a cyan ugly thing
 12752 | D:11     | Reached skill level 1 in Translocations
 13063 | D:11     | Reached skill level 12 in Staves
 13351 | D:11     | Found a portal to a secret trove of treasure.
 13363 | D:11     | Reached *** piety under Wu Jian
 13535 | D:11     | Reached XP level 12. HP: 90/96 MP: 1/16
 13980 | Lair:1   | Entered Level 1 of the Lair of Beasts
 14032 | Lair:1   | Found a runed translucent gate.
 14032 | Lair:1   | Found a runed translucent gate.
 14032 | Lair:1   | Noticed a seven-headed hydra
 14034 | Lair:1   | Found a runed translucent gate.
 14040 | Lair:1   | Noticed Zlobey's ghost (novice MiFi)
 14404 | Lair:1   | Found a bloodstained altar of Trog.
 14498 | Lair:1   | Noticed a seven-headed hydra
 14510 | Lair:1   | Killed a seven-headed hydra
 14546 | Lair:1   | Noticed an eight-headed hydra
 14564 | Lair:1   | Killed an eight-headed hydra
 15300 | Lair:2   | Noticed a seven-headed hydra
 15308 | Lair:2   | Killed a seven-headed hydra
 15512 | Lair:2   | Reached skill level 10 in Fighting
 15642 | Lair:2   | Reached XP level 13. HP: 99/103 MP: 17/17
 15935 | Lair:3   | Noticed a five-headed hydra
 16190 | Lair:3   | Killed a five-headed hydra
 16263 | Lair:3   | Reached **** piety under Wu Jian
 16324 | Lair:3   | Reached skill level 13 in Staves
 16554 | Lair:3   | Noticed a four-headed hydra
 16563 | Lair:3   | Killed a four-headed hydra
 16937 | Lair:3   | Found a staircase to the Shoals.
 17041 | Lair:3   | Found a hole to the Spider Nest.
 17185 | Lair:3   | Reached skill level 1 in Spellcasting
 17727 | Lair:4   | Reached XP level 14. HP: 111/111 MP: 19/19
 19004 | Lair:5   | Noticed Josephine
 19359 | Lair:5   | Killed Josephine
 19546 | Lair:5   | Reached skill level 10 in Armour
 19586 | Lair:5   | Reached skill level 5 in Translocations
 19964 | Lair:5   | Found a staircase to the Slime Pits.
 20110 | Lair:6   | Entered Level 6 of the Lair of Beasts
 20293 | Lair:6   | Reached skill level 14 in Staves
 20553 | Lair:6   | Learned a level 4 spell: Petrify
 20932 | Lair:6   | Reached XP level 15. HP: 119/119 MP: 21/21
 21090 | Lair:6   | Identified a scroll of acquirement
 21120 | Lair:6   | Reached ***** piety under Wu Jian
 21585 | D:12     | Found Sihuohats's Book Shop.
 21605 | D:12     | Found Nebojy's Food Shoppe.
 21771 | D:12     | Found Pomear's Weapon Shop.
 21850 | D:12     | Found a staircase to the Orcish Mines.
 21850 | D:12     | Found Saniegay's Armour Shop.
 21932 | D:12     | Found Hostraoc's Antique Weapon Shoppe.
 22079 | D:12     | Found a runed translucent door.
 22083 | D:12     | Found a runed translucent door.
 22299 | D:12     | Found a runed translucent door.
 22618 | D:13     | Found Zyhomih's Antique Armour Shop.
 22872 | D:13     | Got a faintly glowing plate armour
 22873 | D:13     | Identified the +9 plate armour of the Monkey {Dex+3} (You
                  | found it on level 13 of the Dungeon)
 23241 | Orc:1    | Entered Level 1 of the Orcish Mines
 23241 | Orc:1    | Found Xiqar's Distillery.
 23284 | Orc:1    | Bought a potion of degeneration for 13 gold pieces
 23497 | Orc:1    | Found Fuwese's Weapon Emporium.
 23508 | Orc:1    | Found Pyehy's Magic Scroll Boutique.
 23557 | Orc:1    | Bought a scroll of enchant weapon for 82 gold pieces
 23557 | Orc:1    | Bought a scroll of enchant weapon for 82 gold pieces
 23557 | Orc:1    | Bought a scroll of brand weapon for 220 gold pieces
 23736 | Orc:2    | Entered Level 2 of the Orcish Mines
 23780 | Orc:2    | Found a gate leading to a gauntlet.
 23789 | Gauntlet | Entered a Gauntlet
 23789 | Gauntlet | Found a transporter.
 23799 | Gauntlet | Found a transporter.
 23801 | Gauntlet | Found a transporter.
 23803 | Gauntlet | Found a transporter.
 23818 | Gauntlet | Found a transporter.
 23834 | Gauntlet | Found a transporter.
 23839 | Gauntlet | Found a transporter.
 23878 | Gauntlet | Found a transporter.
 23880 | Gauntlet | Found a transporter.
 23895 | Gauntlet | Found a transporter.
 23912 | Gauntlet | Found a transporter.
 23920 | Gauntlet | Found a transporter.
 23941 | Gauntlet | Found a transporter.
 23954 | Gauntlet | Found a transporter.
 23956 | Gauntlet | Noticed a cacodemon
 23966 | Gauntlet | Found a transporter.
 23992 | Gauntlet | Found a transporter.
 24008 | Gauntlet | Found a transporter.
 24022 | Gauntlet | Found a transporter.
 24204 | Gauntlet | Identified the Catalogue of Attacks
 24234 | Gauntlet | Reached ****** piety under Wu Jian
 24253 | Gauntlet | Got a steaming platinum ring
 24255 | Gauntlet | Got a shimmering hunting sling
 24256 | Gauntlet | Identified the ring "Jakigic" {rC+ Stlth+} (You found it in
                  | a Gauntlet)
 24272 | Gauntlet | Identified the amulet of Spite {+Rage +Inv rElec}
 24716 | Orc:1    | Found Uhoumets's Antique Armour Boutique.
 24823 | Orc:2    | Found a staircase to the Elven Halls.
 25171 | Orc:2    | Reached skill level 10 in Shields
 25171 | Orc:2    | Reached skill level 5 in Spellcasting
 25382 | Orc:2    | Reached XP level 16. HP: 94/128 MP: 23/23
 25390 | Orc:2    | Learned a level 3 spell: Portal Projectile
 25414 | Orc:2    | Reached skill level 1 in Hexes
 25467 | Orc:2    | Found Poshrao's Book Shop.
 25468 | Orc:2    | Found Noav's Weapon Shoppe.
 25468 | Orc:2    | Found Yciweisuo's Antique Armour Boutique.
 25468 | Orc:2    | Found Yhaim's General Store.
 25515 | Orc:2    | Bought a smoking scale mail for 252 gold pieces
 25517 | Orc:2    | Identified the cursed +0 scale mail of Dehaaj {*Contam rF+
                  | rCorr} (You bought it in a shop on level 2 of the Orcish
                  | Mines)
 25614 | D:12     | Cast into level 2 of the Abyss (merfolk impaler)
 25614 | Abyss:2  | Found a runed translucent door.
 25614 | Abyss:2  | Found a runed translucent door.
 26243 | Abyss:2  | Found a runed translucent door.
 26345 | Abyss:2  | Noticed a hellephant
 26366 | Abyss:2  | Reached skill level 15 in Staves
 26391 | Abyss:2  | Identified the cursed +0 falchion of Tortfeasance {slice,
                  | Str+2}
 26511 | Abyss:2  | Gained mutation: You are clumsy. (Dex -2) [a neqoxec]
 26756 | Abyss:2  | Reached skill level 1 in Crossbows
 26756 | Abyss:2  | Noticed a tentacled starspawn
 26787 | Abyss:2  | Killed a tentacled starspawn
 26790 | Abyss:2  | Gained mutation: Your magical capacity is low. (-10% MP) [a
                  | neqoxec]
 27184 | Abyss:2  | Noticed a tentacled starspawn
 27193 | Abyss:2  | Killed a tentacled starspawn
 27346 | Abyss:2  | Noticed a hellephant
 27352 | Abyss:2  | Mangled by a hellephant

Skill      XL: |  1  2  3  4  5  6  7  8  9 10 11 12 13 14 15 16 |
---------------+-------------------------------------------------+-----
Fighting       | 3 4 5 6 7 8 9 10 11 12 | 12.7
Staves         | 4 5 6 7 9 10 11 12 13 14 15 | 15.2
Armour         | 2 4 5 7 9 10 11 | 11.2
Dodging        | 3 4 5 6 7 8 |  8.9
Shields        | 2 4 6 8 9 10 | 10.5
Evocations     | 2 4 5 6 7 8 9 |  9.9
Translocations | 1 3 4 5 6 |  6.8
Spellcasting   | 1 3 5 |  5.9
Hexes          | 3 |  3.0
Crossbows      | 2 |  2.1
Throwing       | |  2.0

Action                   |  1- 3 |  4- 6 |  7- 9 | 10-12 | 13-15 | 16-18 || total
-------------------------+-------+-------+-------+-------+-------+-------++-------
Melee: Quarterstaff      |    83 |   255 |   225 |   598 |   945 |       ||  2106
       Lajatang          |       |       |       |       |   578 |   302 ||   880
       Unarmed           |       |       |       |       |    25 |       ||    25
Throw: Throwing net      |     3 |       |       |     3 |       |       ||     6
       Stone             |     4 |    54 |    20 |    30 |    16 |     1 ||   125
       Javelin           |       |       |     1 |    19 |     1 |     1 ||    22
Invok: Lunge             |       |       |       |    45 |    50 |    17 ||   112
       Whirlwind         |       |       |       |    77 |   342 |    52 ||   471
       Serpent's Lash    |       |       |       |     3 |    21 |    10 ||    34
       Heavenly Storm    |       |       |       |       |       |     1 ||     1
 Abil: Wall Jump         |       |       |       |    38 |   159 |    26 ||   223
       Dig               |       |       |       |       |     2 |     3 ||     5
Evoke: Wand              |       |       |       |     9 |    19 |     7 ||    35
  Use: Scroll            |     2 |     6 |     7 |     5 |    21 |     1 ||    42
       Potion            |       |     6 |     3 |       |     8 |     9 ||    26
 Stab: Distracted        |       |     1 |     1 |     1 |     1 |       ||     4
       Confused          |       |       |     4 |     1 |     3 |       ||     8
       Sleeping          |       |       |     7 |    14 |     1 |       ||    22
       Petrifying        |       |       |     2 |     2 |     1 |       ||     5
       Petrified         |       |       |     2 |       |     2 |       ||     4
       Paralysed         |       |       |       |    24 |    27 |       ||    51
       Invisible         |       |       |       |       |     6 |       ||     6
  Eat: Chunk             |       |    11 |     7 |    24 |    31 |     1 ||    74
       Ration            |       |     1 |     1 |       |     1 |     2 ||     5
Armor: Leather armour    |    14 |    36 |    34 |    23 |       |       ||   107
       Robe              |       |       |       |    17 |       |       ||    17
       Scale mail        |       |       |       |    44 |   209 |    48 ||   301
       Plate armour      |       |       |       |       |     3 |       ||     3
Dodge: Dodged            |    47 |   121 |    98 |   139 |   334 |   105 ||   844
Block: Buckler           |       |       |     2 |    36 |       |       ||    38
       Shield            |       |       |       |    92 |   365 |    97 ||   554
